 Dungeon Crawl Stone Soup version 0.19-a0-1057-g15bb84d (webtiles) character file.

71 Siriah the Insei (level 4, 0/28 HPs)
             Began as an Octopode Transmuter on Aug 2, 2016.
             Succumbed to an adder's poison
             ... on level 2 of the Dungeon.
             The game lasted 00:03:42 (1199 turns).

Siriah the Insei (Octopode Transmuter)              Turns: 1199, Time: 00:03:42

Health: 0/28       AC:  1    Str:  9    XL:     4   Next: 24%
Magic:  5/7        EV: 13    Int: 16    God:
Gold:   52         SH:  0    Dex: 12    Spells: 3 memorised, 1 level left

rFire  . . .     SeeInvis .       - Unarmed
rCold  . . .     Gourm    .     (no shield)
rNeg   . . .     Faith    .     (helmet restricted)
rPois  .         Spirit   .     (no amulet)
rElec  .         Dismiss  .     (no ring)
rCorr  .         Reflect  .     (no ring)
SustAt .         Harm     .     (no ring)
MR     .....                    (no ring)
Stlth  +++.......               (no ring)
                                (no ring)
                                (no ring)
                                (no ring)

@: lethally poisoned (0 -> -7), appendage, very slightly contaminated,
invisible, not resistant to hostile enchantments, fairly stealthy
A: almost no armour, amphibious, 8 rings, constrict 8, tentacle spike 3,
camouflage 1, gelatinous body 1
a: End Transformation


You were on level 2 of the Dungeon.
You were not hungry.
One of your tentacles had a temporary spike.
You visited 1 branch of the dungeon, and saw 2 of its levels.

You collected 52 gold pieces.

Inventory:

Missiles
 a - 31 arrows
Scrolls
 e - a scroll of blinking {unknown}
 g - a scroll of fog {unknown}
 h - a scroll of teleportation {unknown}
 i - 2 scrolls of remove curse {unknown}
 j - 2 scrolls of enchant armour {unknown}
 l - a scroll of recharging {unknown}
 m - a scroll of identify {unknown}
Potions
 k - a potion of invisibility
Books
 b - a book of Changes

   Spells                             Type                      Level
   a - Beastly Appendage              Transmutation                1
   b - Sticks to Snakes               Transmutation                2
   c - Spider Form                    Transmutation/Poison         3
   d - Ice Form                       Ice/Transmutation            4
   e - Blade Hands                    Transmutation                5
Comestibles
 c - 2 bread rations
 d - 7 chunks of flesh
 f - a meat ration


   Skills:
 + Level 1.3 Fighting
 + Level 2.4 Dodging
 + Level 1.9 Stealth
 + Level 3.7 Unarmed Combat
 + Level 2.3 Spellcasting
 + Level 2.4 Transmutations


You had one spell level left.
You knew the following spells:

 Your Spells              Type           Power        Failure   Level  Hunger
a - Beastly Appendage     Tmut           #.....       10%         1    #......
b - Sticks to Snakes      Tmut           #.......     12%         2    ###....
c - Spider Form           Tmut/Pois      #.........   38%         3    ###....


Dungeon Overview and Level Annotations

Branches:
Dungeon (2/15)

Altars:


Innate Abilities, Weirdness & Mutations

You cannot wear most types of armour.
You are amphibious.
You can wear up to eight rings at the same time.
You can use your tentacles to constrict eight enemies at once.
Your skin changes colour to match your surroundings (Stealth+).
Your rubbery body absorbs attacks. (AC +1, EV +1)
One of your tentacles bears a large vicious spike.


Message History

* * * LOW HITPOINT WARNING * * *
You are lethally poisoned!
The adder poisons you!
It was a potion of invisibility.
You fade into invisibility!
* * * LOW HITPOINT WARNING * * *
You feel sick. The adder closely misses you.
It was a potion of cure mutation.
It has a very clean taste.
The adder barely misses you. The adder bites you.
* * * LOW HITPOINT WARNING * * *
You miss the adder. You grab the adder.
You pierce the adder, but do no damage.
You squeeze the adder, but do no damage.
You constrict the adder.
* * * LOW HITPOINT WARNING * * *
You feel sick. The adder closely misses you.
You catch the helpless adder completely off-guard!
You tentacle-slap the adder.
Your tentacle spike misses the adder.
The adder is lightly wounded.
You constrict the adder.
You die...

## ..# #.# ##.# ..#
##### ###.##....#
#.........#
#...@S....#
######......####
#...........#
#.....##.####
###.....##.########
...........).......
###.....##.###.####
..................
.#########..........


You could see an adder.

Vanquished Creatures
  Ijyb (D:2)
  An adder (D:2)
  A worm (D:2)
  A dart slug (D:1)
  4 bats
  2 giant cockroaches (D:1)
  3 goblins (D:1)
  4 hobgoblins
  4 jackals (D:1)
  3 kobolds (D:1)
  A giant newt (D:1)
  6 rats (D:1)
31 creatures vanquished.

Notes
Turn   | Place    | Note
-------+----------+-------------------------------------------
     0 | D:1      | Siriah the Octopode Transmuter began the quest for the Orb.
     0 | D:1      | Reached XP level 1. HP: 13/13 MP: 3/3
    62 | D:1      | Reached XP level 2. HP: 13/18 MP: 3/5
   114 | D:1      | Learned a level 2 spell: Sticks to Snakes
   484 | D:1      | Reached XP level 3. HP: 13/23 MP: 6/6
  1043 | D:2      | Reached skill level 1 in Stealth
  1149 | D:2      | Learned a level 3 spell: Spider Form
  1158 | D:2      | Noticed Ijyb
  1173 | D:2      | Killed Ijyb
  1173 | D:2      | Reached XP level 4. HP: 12/28 MP: 7/7
  1198 | D:2      | HP: 1/28 [poisoned by an adder]
  1199 | D:2      | Succumbed to an adder's poison

Vault maps used:
D:1:      dpeg_arrival_erosion
D:2:      lemuel_doored_altar, dk_vineyard_3, serial_bayou_pond_c,
          minmay_rat_gold_closets, uniq_iyjb

Skill      XL: |  1  2  3 |
---------------+----------+-----
Stealth        | 1 |  1.9
Fighting       | |  1.3
Dodging        | |  2.4
Unarmed Combat | |  3.7
Spellcasting   | |  2.3
Transmutations | |  2.4

Action                   |  1- 3 |  4- 6 || total
-------------------------+-------+-------++-------
Melee: Unarmed           |    90 |     4 ||    94
       Kick              |    13 |     1 ||    14
       Constrict         |    22 |     1 ||    23
       Tentacles         |    14 |     1 ||    15
       Punch             |     1 |       ||     1
 Cast: Beastly Appendage |    17 |     1 ||    18
  Use: Potion            |       |     2 ||     2
 Stab: Sleeping          |     8 |       ||     8
       Invisible         |       |     1 ||     1
  Eat: Chunk             |     1 |       ||     1
Armor: Skin              |    10 |       ||    10
Dodge: Dodged            |    70 |     4 ||    74
